Wild vs Sabres

Created - December-13-14 at 10:38

Goals
1 2 3 T
Wild 1 1 1 3
Sabres 3 1 2 6
Shots
1 2 3 T
Wild 8 11 10 29
Sabres 22 11 16 49

1st period

1. Wild , Fedor Tyutin 4 (Marian Gaborik, Bobby Ryan) at 13:05
2. Sabres , Jason Pominville 13 (Oliver Ekman-Larsson, Kyle Turris) at 14:23 (PP)
3. Sabres , Jason Pominville 14 (Thomas Vanek, Oliver Ekman-Larsson) at 16:46
4. Sabres , Thomas Vanek 13 (Oliver Ekman-Larsson, Kyle Turris) at 19:47

Penalties :
Michael Stone (MIN) for Interference (Minor) at 2:35, Michael Stone (MIN) for Hooking (Minor) at 4:38, Michael Stone (MIN) for Holding (Minor) at 13:30

2nd period

5. Wild , Daniel Alfredsson 16 (Michael Stone, Mark Streit) at 9:18 (PP)
6. Sabres , Oliver Ekman-Larsson 10 (Francois Beauchemin) at 13:21 (PP)

Penalties :
Francois Beauchemin (BUF) for Tripping (Minor) at 9:00, John-Michael Liles (MIN) for Cross-checking (Minor) at 12:45

3rd period

7. Sabres , Brad Stuart 1 (Johnny Oduya, Brad Boyes) at 1:31
8. Sabres , Jordan Staal 6 (Brad Stuart, Johnny Oduya) at 6:17
9. Wild , Marian Gaborik 13 (Bobby Ryan) at 19:35

Penalties :
Ondrej Pavelec (BUF) for Slashing (Minor) at 6:57 - Francois Beauchemin served the penalty., Kyle Turris (BUF) for Hooking (Minor) at 15:00

Goalie Stats

Josh Harding (MIN), 43 saves from 49 shots - (0.878), L, 12-13-0, 60:00 minutes
Ondrej Pavelec (BUF), 26 saves from 29 shots - (0.897), W, 13-8-1, 60:00 minutes

Players Stats for Wild

Player Name              G  A  P  +/- PIM S  H  SB GA TA FO     MP     PP MP  PK MP  
------------------------------------------------------------------------------------
Adam Hall                0  0  0   0  0   0  0  0  0  0  0/4     2:49   0:00   2:49 
Bobby Ryan               0  2  2   0  0   1  5  0  0  0  8/26   23:34   1:53   2:38 
Chris Conner             0  0  0  -1  0   1  2  0  0  0  0/3    12:11   0:18   0:00 
Chris Phillips           0  0  0  -2  0   1  1  3  0  0  0/0    16:59   0:00   3:00 
Daniel Alfredsson        1  0  1  -1  0   4  1  0  0  0  0/0    21:44   2:23   0:00 
Erik Cole                0  0  0  -1  0   3  3  0  0  0  3/6    17:05   2:23   2:49 
Fedor Tyutin             1  0  1   0  0   3  5  0  0  0  0/0    23:06   1:53   0:14 
John-Michael Liles       0  0  0  -2  2   1  0  5  0  0  0/0    18:04   1:53   2:13 
Marco Scandella          0  0  0   0  0   1  1  2  0  0  0/0    22:34   0:00   2:27 
Marian Gaborik           1  1  2   0  0   5  1  0  0  0  0/0    20:56   1:53   0:00 
Mark Streit              0  1  1   0  0   3  0  1  0  0  0/0    18:34   2:23   0:00 
Michael Ryder            0  0  0  -1  0   1  1  0  0  0  0/0    21:14   1:53   0:00 
Michael Stone            0  1  1   0  6   0  3  0  0  0  0/0    17:39   2:23   0:00 
Mikko Koivu              0  0  0  -1  0   3  0  1  0  0  13/26  19:21   0:00   0:00 
Milan Michalek           0  0  0   0  0   1  2  0  0  0  1/2    21:08   2:05   0:00 
Pierre-Marc Bouchard     0  0  0  -1  0   1  1  1  0  0  7/23   14:31   0:00   2:38 
Rob Scuderi              0  0  0   0  0   0  0  2  0  0  0/0     3:00   0:00   3:00 
Rostislav Klesla         0  0  0   0  0   0  0  0  0  0  0/0     0:00   0:00   0:00 

Players Stats for Sabres

Player Name              G  A  P  +/- PIM S  H  SB GA TA FO     MP     PP MP  PK MP  
------------------------------------------------------------------------------------
Brad Boyes               0  1  1   2  0   3  0  0  0  0  2/2    20:27   0:00   0:48 
Brad Stuart              1  1  2   2  0   1  3  2  0  0  0/0    13:49   0:00   1:41 
Brayden Schenn           0  0  0   2  0   1  0  0  0  0  0/0    17:48   1:36   1:01 
Braydon Coburn           0  0  0  -1  0   4  0  0  0  0  0/0    18:41   1:34   0:00 
Daniel Winnik            0  0  0   0  0   0  0  0  0  0  1/3     5:39   0:00   1:11 
Eric Gelinas             0  0  0   0  0   0  0  0  0  0  0/0     3:37   0:00   0:20 
Francois Beauchemin      0  1  1   1  2   2  0  0  0  0  0/0    22:31   3:53   0:54 
Jason Pominville         2  0  2   0  0   8  0  0  0  0  1/1    25:43   3:51   3:15 
Johnny Oduya             0  2  2   2  0   0  0  2  0  0  0/0    13:01   0:00   0:53 
Jordan Staal             1  0  1   2  0   4  1  0  0  0  17/22  16:47   1:36   0:00 
Josh Gorges              0  0  0  -1  0   1  1  2  0  0  0/0    21:10   1:34   2:29 
Kyle Turris              0  2  2   0  2   1  0  0  0  0  22/34  24:09   3:51   1:42 
Nino Niederreiter        0  0  0   0  0   2  2  0  0  0  2/3    13:37   1:36   0:00 
Oliver Ekman-Larsson     1  3  4   1  0   7  2  0  0  0  0/0    27:10   3:53   2:15 
Paul Byron               0  0  0   0  0   1  0  0  0  0  0/0    12:01   0:00   0:00 
Paul Gaustad             0  0  0   0  0   3  1  0  0  0  9/17   12:36   0:00   0:35 
Thomas Vanek             1  1  2   0  0   10 2  0  0  0  1/2    22:28   3:51   0:00 
Tom Pyatt                0  0  0   0  0   1  1  0  0  0  3/6     4:28   0:00   0:00 

3 Stars

1 - Oliver Ekman-Larsson (BUF)
2 - Brad Stuart (BUF)
3 - Jason Pominville (BUF)

Power Play

Wild - 1 on 3 Attempt(s) - 33.33%
Sabres - 2 on 4 Attempt(s) - 50.00%

Penalty Kill

Wild - 2 on 4 Attempt(s) - 50.00% - Score 0 goal in Penalty Kill
Sabres - 2 on 3 Attempt(s) - 66.67% - Score 0 goal in Penalty Kill

Team Stat

Wild - Hits : 26 - Faceoff Wins : 32 - Blocked Shots : 15 - Penalty Minutes : 8
Sabres - Hits : 13 - Faceoff Wins : 58 - Blocked Shots : 6 - Penalty Minutes : 4

Official

Referees : Dan O'Halloran and Dan O'Rourke
Linesman : Scott Cherrey and Jay Sharrers

Game Notes

No Game Note

Finance

Level 1 -- Attendance: 6484 (99.75%) -- Ticket Income $583,560
Level 2 -- Attendance: 5000 (100.00%) -- Ticket Income $375,000
Level 3 -- Attendance: 3466 (99.03%) -- Ticket Income $190,630
Level 4 -- Attendance: 2690 (100.00%) -- Ticket Income $94,150
Luxury Box -- Attendance: 967 (96.70%) -- Ticket Income $193,400
Game was played at the First Niagara Center'
Total Attendance: 18607 (99.56%)
Total Ticket Income: $1,436,740
Other Income: $215,511
Total Income: $1,652,251

% Time on Ice - Wild

Lines # - Real PCT - Wanted PCT - Time Play
Normal Forward
1 - 38% - 42% - 19:21
2 - 38% - 42% - 19:03
3 - 24% - 11% - 11:53
4 - 0% - 5% - 0:00
Normal Defense
1 - 40% - 40% - 20:07
2 - 30% - 30% - 15:19
3 - 28% - 25% - 13:59
4 - 2% - 5% - 0:52
PP Forward
1 - 56% - 52% - 2:23
2 - 44% - 48% - 1:53
PP Defense
1 - 56% - 50% - 2:23
2 - 44% - 50% - 1:53
PK Forward
1 - 48% - 50% - 2:38
2 - 52% - 50% - 2:49
PK Defense
1 - 55% - 50% - 3:00
2 - 45% - 50% - 2:27
PK3 Forward
1 - 0% - 50%
2 - 0% - 50%
PK3 Defense
1 - 0% - 50%
2 - 0% - 50%
44 Forward
1 - 0% - 50%
2 - 0% - 50%
44 Defense
1 - 0% - 48%
2 - 0% - 52%
Last Minute Offensive  - 0:00
Last Minute Defensive  - 0:00
Total
Forward - 60:00
Defense - 60:00

% Time on Ice - Sabres

Lines # - Real PCT - Wanted PCT - Time Play
Normal Forward
1 - 37% - 40% - 18:37
2 - 30% - 30% - 15:11
3 - 24% - 20% - 12:01
4 - 9% - 10% - 4:28
Normal Defense
1 - 35% - 40% - 17:45
2 - 34% - 30% - 17:07
3 - 24% - 20% - 12:08
4 - 7% - 10% - 3:17
PP Forward
1 - 71% - 60% - 3:51
2 - 29% - 40% - 1:36
PP Defense
1 - 71% - 60% - 3:53
2 - 29% - 40% - 1:34
PK Forward
1 - 86% - 60% - 3:41
2 - 14% - 40% - 0:35
PK Defense
1 - 53% - 60% - 2:15
2 - 47% - 40% - 2:01
PK3 Forward
1 - 0% - 60%
2 - 0% - 40%
PK3 Defense
1 - 0% - 60%
2 - 0% - 40%
44 Forward
1 - 0% - 60%
2 - 0% - 40%
44 Defense
1 - 0% - 60%
2 - 0% - 40%
Last Minute Offensive  - 0:00
Last Minute Defensive  - 0:00
Total
Forward - 60:00
Defense - 60:00

Play by Play

1st period


0:01 of 1st period - Mikko Koivu wins face-off versus Kyle Turris in neutral zone.
0:09 of 1st period - Icing by Oliver Ekman-Larsson.
0:10 of 1st period - Bobby Ryan wins face-off versus Kyle Turris in Sabres zone.
0:30 of 1st period - Kyle Turris is hit by Bobby Ryan and loses puck.
0:42 of 1st period - Jason Pominville is hit by Michael Stone and loses puck.
0:53 of 1st period - Shot by Thomas Vanek.
0:53 of 1st period - Stopped by Josh Harding without a rebound.
0:54 of 1st period - Jordan Staal wins face-off versus Mikko Koivu in Wild zone.
0:59 of 1st period - Shot by Josh Gorges.
0:59 of 1st period - Shot Misses the Net.
1:01 of 1st period - Shot by Brad Boyes.
1:01 of 1st period - Stopped by Josh Harding with a rebound.
1:29 of 1st period - Shot by Jordan Staal.
1:29 of 1st period - Stopped by Josh Harding without a rebound.
1:30 of 1st period - Paul Gaustad wins face-off versus Pierre-Marc Bouchard in Wild zone.
1:30 of 1st period - Paul Gaustad is hit by Marco Scandella.
1:32 of 1st period - Shot by Nino Niederreiter.
1:32 of 1st period - Shot Misses the Net.
1:48 of 1st period - Shot by Erik Cole.
1:48 of 1st period - Shot Misses the Net.
1:56 of 1st period - Chris Conner is hit by Paul Gaustad and loses puck.
2:13 of 1st period - Chris Conner is hit by Brad Stuart and loses puck.
2:35 of 1st period - Minor Penalty to Michael Stone for Interference.
2:36 of 1st period - Kyle Turris wins face-off versus Adam Hall in Wild zone.
2:51 of 1st period - Shot by Francois Beauchemin.
2:51 of 1st period - Shot Blocked by Rob Scuderi.
3:15 of 1st period - Shot by Thomas Vanek.
3:15 of 1st period - Shot Misses the Net.
3:17 of 1st period - Shot by Thomas Vanek.
3:17 of 1st period - Stopped by Josh Harding without a rebound.
3:18 of 1st period - Jordan Staal wins face-off versus Pierre-Marc Bouchard in Wild zone.
3:45 of 1st period - Shot by Brayden Schenn.
3:45 of 1st period - Shot Misses the Net.
3:47 of 1st period - Shot by Braydon Coburn.
3:47 of 1st period - Shot Misses the Net.
3:49 of 1st period - Shot by Braydon Coburn.
3:49 of 1st period - Stopped by Josh Harding without a rebound.
3:50 of 1st period - Pierre-Marc Bouchard wins face-off versus Kyle Turris in Wild zone.
4:07 of 1st period - Shot by Oliver Ekman-Larsson.
4:07 of 1st period - Stopped by Josh Harding without a rebound.
4:08 of 1st period - Jordan Staal wins face-off versus Pierre-Marc Bouchard in Wild zone.
4:31 of 1st period - Shot by Braydon Coburn.
4:31 of 1st period - Shot Blocked by Rob Scuderi.
4:33 of 1st period - Shot by Josh Gorges.
4:33 of 1st period - Shot Blocked by Chris Phillips.
4:35 of 1st period - Shot by Brayden Schenn.
4:35 of 1st period - Shot Misses the Net.
4:37 of 1st period - Shot by Kyle Turris.
4:37 of 1st period - Deflect By Thomas Vanek.
4:37 of 1st period - Shot Blocked by Mikko Koivu.
4:38 of 1st period - Minor Penalty to Michael Stone for Hooking.
4:39 of 1st period - Kyle Turris wins face-off versus Pierre-Marc Bouchard in Wild zone.
5:01 of 1st period - Shot by Oliver Ekman-Larsson.
5:01 of 1st period - Stopped by Josh Harding without a rebound.
5:02 of 1st period - Jordan Staal wins face-off versus Bobby Ryan in Wild zone.
5:22 of 1st period - Shot by Josh Gorges.
5:22 of 1st period - Shot Misses the Net.
5:30 of 1st period - Shot by Brayden Schenn.
5:30 of 1st period - Shot Blocked by John-Michael Liles.
5:32 of 1st period - Shot by Josh Gorges.
5:32 of 1st period - Shot Blocked by John-Michael Liles.
5:34 of 1st period - Shot by Josh Gorges.
5:34 of 1st period - Shot Misses the Net.
5:36 of 1st period - Shot by Braydon Coburn.
5:36 of 1st period - Stopped by Josh Harding without a rebound.
5:37 of 1st period - Pierre-Marc Bouchard wins face-off versus Kyle Turris in Wild zone.
5:52 of 1st period - Shot by Oliver Ekman-Larsson.
5:52 of 1st period - Stopped by Josh Harding without a rebound.
5:53 of 1st period - Kyle Turris wins face-off versus Adam Hall in Wild zone.
5:56 of 1st period - Shot by Oliver Ekman-Larsson.
5:56 of 1st period - Stopped by Josh Harding with a rebound.
6:33 of 1st period - Icing by Jason Pominville.
6:34 of 1st period - Erik Cole wins face-off versus Kyle Turris in Sabres zone.
6:43 of 1st period - Shot by Braydon Coburn.
6:43 of 1st period - Stopped by Josh Harding without a rebound.
6:44 of 1st period - Jordan Staal wins face-off versus Mikko Koivu in Wild zone.
7:22 of 1st period - Icing by Marco Scandella.
7:23 of 1st period - Kyle Turris wins face-off versus Mikko Koivu in Wild zone.
7:50 of 1st period - Shot by Thomas Vanek.
7:50 of 1st period - Stopped by Josh Harding with a rebound.
8:00 of 1st period - Shot by Oliver Ekman-Larsson.
8:00 of 1st period - Deflect By Jason Pominville.
8:00 of 1st period - Stopped by Josh Harding without a rebound.
8:01 of 1st period - Bobby Ryan wins face-off versus Paul Gaustad in Wild zone.
8:05 of 1st period - Off-side.
8:06 of 1st period - Jordan Staal wins face-off versus Bobby Ryan in neutral zone.
8:46 of 1st period - Shot by Brad Boyes.
8:46 of 1st period - Deflect By Jordan Staal.
8:46 of 1st period - Shot Misses the Net.
8:50 of 1st period - Shot by Brad Boyes.
8:50 of 1st period - Stopped by Josh Harding with a rebound.
9:20 of 1st period - Shot by Thomas Vanek.
9:20 of 1st period - Shot Misses the Net.
9:22 of 1st period - Shot by Francois Beauchemin.
9:22 of 1st period - Shot Misses the Net.
9:26 of 1st period - Shot by Thomas Vanek.
9:26 of 1st period - Shot Misses the Net.
9:28 of 1st period - Shot by Francois Beauchemin.
9:28 of 1st period - Stopped by Josh Harding without a rebound.
9:29 of 1st period - Paul Gaustad wins face-off versus Mikko Koivu in Wild zone.
10:06 of 1st period - Shot by Daniel Alfredsson.
10:06 of 1st period - Stopped by Ondrej Pavelec without a rebound.
10:07 of 1st period - Pierre-Marc Bouchard wins face-off versus Kyle Turris in Sabres zone.
10:22 of 1st period - Shot by Pierre-Marc Bouchard.
10:22 of 1st period - Stopped by Ondrej Pavelec without a rebound.
10:23 of 1st period - Jordan Staal wins face-off versus Bobby Ryan in Sabres zone.
10:32 of 1st period - Mark Streit is hit by Jordan Staal and loses puck.
10:41 of 1st period - Shot by Brayden Schenn.
10:41 of 1st period - Stopped by Josh Harding without a rebound.
10:42 of 1st period - Kyle Turris wins face-off versus Mikko Koivu in Wild zone.
10:55 of 1st period - Shot by Daniel Alfredsson.
10:55 of 1st period - Shot Misses the Net.
10:58 of 1st period - Icing by Francois Beauchemin.
10:59 of 1st period - Kyle Turris wins face-off versus Bobby Ryan in Sabres zone.
11:19 of 1st period - Off-side.
11:20 of 1st period - Mikko Koivu wins face-off versus Tom Pyatt in neutral zone.
12:36 of 1st period - Shot by Kyle Turris.
12:36 of 1st period - Shot Blocked by John-Michael Liles.
12:38 of 1st period - Shot by Francois Beauchemin.
12:38 of 1st period - Shot Blocked by Chris Phillips.
12:42 of 1st period - Shot by Thomas Vanek.
12:42 of 1st period - Stopped by Josh Harding without a rebound.
12:43 of 1st period - Bobby Ryan wins face-off versus Paul Gaustad in Wild zone.
12:43 of 1st period - Bobby Ryan is hit by Nino Niederreiter.
12:49 of 1st period - Shot by Fedor Tyutin.
12:49 of 1st period - Stopped by Ondrej Pavelec without a rebound.
12:50 of 1st period - Kyle Turris wins face-off versus Bobby Ryan in Sabres zone.
12:50 of 1st period - Kyle Turris is hit by Marian Gaborik.
12:59 of 1st period - Shot by Bobby Ryan.
12:59 of 1st period - Shot Misses the Net.
13:03 of 1st period - Shot by Marian Gaborik.
13:03 of 1st period - Stopped by Ondrej Pavelec with a rebound.
13:05 of 1st period - Shot by Fedor Tyutin.
13:05 of 1st period - Goal by Fedor Tyutin - Wild : 1 - Sabres : 0.
13:06 of 1st period - Paul Gaustad wins face-off versus Pierre-Marc Bouchard in neutral zone.
13:13 of 1st period - Shot by Paul Byron.
13:13 of 1st period - Shot Blocked by Pierre-Marc Bouchard.
13:15 of 1st period - Shot by Brad Stuart.
13:15 of 1st period - Shot Misses the Net.
13:28 of 1st period - Paul Byron is hit by Michael Stone and loses puck.
13:30 of 1st period - Minor Penalty to Michael Stone for Holding.
13:31 of 1st period - Jason Pominville wins face-off versus Pierre-Marc Bouchard in Wild zone.
13:32 of 1st period - Shot by Francois Beauchemin.
13:32 of 1st period - Shot Misses the Net.
13:34 of 1st period - Shot by Francois Beauchemin.
13:34 of 1st period - Shot Misses the Net.
13:36 of 1st period - Shot by Francois Beauchemin.
13:36 of 1st period - Shot Misses the Net.
13:38 of 1st period - Shot by Thomas Vanek.
13:38 of 1st period - Stopped by Josh Harding without a rebound.
13:39 of 1st period - Kyle Turris wins face-off versus Adam Hall in Wild zone.
13:58 of 1st period - Shot by Kyle Turris.
13:58 of 1st period - Deflect By Jason Pominville.
13:58 of 1st period - Stopped by Josh Harding with a rebound.
14:23 of 1st period - Shot by Jason Pominville.
14:23 of 1st period - Goal by Jason Pominville - Wild : 1 - Sabres : 1.
14:24 of 1st period - Mikko Koivu wins face-off versus Jordan Staal in neutral zone.
14:59 of 1st period - Shot by Mikko Koivu.
14:59 of 1st period - Shot Blocked by Brad Stuart.
16:01 of 1st period - Shot by Marian Gaborik.
16:01 of 1st period - Stopped by Ondrej Pavelec without a rebound.
16:02 of 1st period - Kyle Turris wins face-off versus Pierre-Marc Bouchard in Sabres zone.
16:34 of 1st period - Shot by Chris Phillips.
16:34 of 1st period - Shot Misses the Net.
16:46 of 1st period - Shot by Jason Pominville.
16:46 of 1st period - Goal by Jason Pominville - Wild : 1 - Sabres : 2.
16:47 of 1st period - Jordan Staal wins face-off versus Bobby Ryan in neutral zone.
17:05 of 1st period - Icing by Brad Stuart.
17:06 of 1st period - Jordan Staal wins face-off versus Mikko Koivu in Sabres zone.
17:22 of 1st period - Shot by Daniel Alfredsson.
17:22 of 1st period - Shot Blocked by Brad Stuart.
17:24 of 1st period - Shot by Mark Streit.
17:24 of 1st period - Stopped by Ondrej Pavelec without a rebound.
17:25 of 1st period - Kyle Turris wins face-off versus Bobby Ryan in Sabres zone.
17:32 of 1st period - Shot by Jason Pominville.
17:32 of 1st period - Shot Misses the Net.
18:01 of 1st period - Shot by Marian Gaborik.
18:01 of 1st period - Stopped by Ondrej Pavelec without a rebound.
18:02 of 1st period - Jordan Staal wins face-off versus Mikko Koivu in Sabres zone.
18:17 of 1st period - Shot by Daniel Alfredsson.
18:17 of 1st period - Deflect By Mikko Koivu.
18:17 of 1st period - Shot Misses the Net.
18:38 of 1st period - Icing by Josh Gorges.
18:39 of 1st period - Brad Boyes wins face-off versus Bobby Ryan in Sabres zone.
18:39 of 1st period - Jordan Staal is hit by Milan Michalek.
18:50 of 1st period - Jordan Staal is hit by Fedor Tyutin and loses puck.
19:26 of 1st period - Icing by Thomas Vanek.
19:27 of 1st period - Kyle Turris wins face-off versus Mikko Koivu in Sabres zone.
19:47 of 1st period - Shot by Thomas Vanek.
19:47 of 1st period - Goal by Thomas Vanek - Wild : 1 - Sabres : 3.
19:48 of 1st period - Pierre-Marc Bouchard wins face-off versus Paul Gaustad in neutral zone.
19:48 of 1st period - Pierre-Marc Bouchard is hit by Nino Niederreiter.
Goals for this period are 1 for Wild vs 3 for Sabres.
Shots for this period are 8 for Wild vs 22 for Sabres.

2nd period


0:01 of 2nd period - Kyle Turris wins face-off versus Bobby Ryan in neutral zone.
0:11 of 2nd period - Thomas Vanek is hit by Fedor Tyutin and loses puck.
0:27 of 2nd period - Icing by Marian Gaborik.
0:28 of 2nd period - Bobby Ryan wins face-off versus Jordan Staal in Wild zone.
1:15 of 2nd period - Shot by Mark Streit.
1:15 of 2nd period - Stopped by Ondrej Pavelec without a rebound.
1:16 of 2nd period - Kyle Turris wins face-off versus Pierre-Marc Bouchard in Sabres zone.
1:16 of 2nd period - Thomas Vanek is hit by Erik Cole and loses puck.
1:52 of 2nd period - Kyle Turris is hit by Chris Phillips and loses puck.
1:57 of 2nd period - Shot by Thomas Vanek.
1:57 of 2nd period - Shot Misses the Net.
2:44 of 2nd period - Shot by Mikko Koivu.
2:44 of 2nd period - Stopped by Ondrej Pavelec without a rebound.
2:45 of 2nd period - Bobby Ryan wins face-off versus Jordan Staal in Sabres zone.
2:45 of 2nd period - Bobby Ryan is hit by Josh Gorges.
2:59 of 2nd period - Shot by Fedor Tyutin.
2:59 of 2nd period - Shot Blocked by Josh Gorges.
3:49 of 2nd period - Icing by Mark Streit.
3:50 of 2nd period - Mikko Koivu wins face-off versus Kyle Turris in Wild zone.
3:52 of 2nd period - Icing by Mark Streit.
3:53 of 2nd period - Mikko Koivu wins face-off versus Kyle Turris in Wild zone.
4:51 of 2nd period - Icing by Fedor Tyutin.
4:52 of 2nd period - Milan Michalek wins face-off versus Tom Pyatt in Wild zone.
4:57 of 2nd period - Daniel Winnik is hit by Bobby Ryan and loses puck.
5:22 of 2nd period - Shot by Marian Gaborik.
5:22 of 2nd period - Stopped by Ondrej Pavelec without a rebound.
5:23 of 2nd period - Pierre-Marc Bouchard wins face-off versus Paul Gaustad in Sabres zone.
5:28 of 2nd period - Shot by Erik Cole.
5:28 of 2nd period - Stopped by Ondrej Pavelec without a rebound.
5:29 of 2nd period - Mikko Koivu wins face-off versus Nino Niederreiter in Sabres zone.
5:32 of 2nd period - Shot by John-Michael Liles.
5:32 of 2nd period - Shot Misses the Net.
5:38 of 2nd period - Shot by John-Michael Liles.
5:38 of 2nd period - Stopped by Ondrej Pavelec with a rebound.
5:40 of 2nd period - Shot by Chris Phillips.
5:40 of 2nd period - Stopped by Ondrej Pavelec with a rebound.
5:42 of 2nd period - Shot by Michael Ryder.
5:42 of 2nd period - Shot Misses the Net.
5:44 of 2nd period - Shot by Daniel Alfredsson.
5:44 of 2nd period - Stopped by Ondrej Pavelec with a rebound.
6:18 of 2nd period - Daniel Alfredsson is hit by Oliver Ekman-Larsson and loses puck.
6:45 of 2nd period - Shot by Jason Pominville.
6:45 of 2nd period - Stopped by Josh Harding without a rebound.
6:46 of 2nd period - Jordan Staal wins face-off versus Pierre-Marc Bouchard in Wild zone.
6:58 of 2nd period - Icing by Mark Streit.
6:59 of 2nd period - Pierre-Marc Bouchard wins face-off versus Kyle Turris in Wild zone.
7:22 of 2nd period - Shot by Kyle Turris.
7:22 of 2nd period - Shot Misses the Net.
7:30 of 2nd period - Shot by Mark Streit.
7:30 of 2nd period - Shot Misses the Net.
8:10 of 2nd period - Shot by Jordan Staal.
8:10 of 2nd period - Stopped by Josh Harding without a rebound.
8:11 of 2nd period - Mikko Koivu wins face-off versus Paul Gaustad in Wild zone.
8:40 of 2nd period - Shot by Paul Gaustad.
8:40 of 2nd period - Stopped by Josh Harding without a rebound.
8:41 of 2nd period - Jordan Staal wins face-off versus Bobby Ryan in Wild zone.
9:00 of 2nd period - Minor Penalty to Francois Beauchemin for Tripping.
9:01 of 2nd period - Erik Cole wins face-off versus Kyle Turris in Sabres zone.
9:18 of 2nd period - Shot by Daniel Alfredsson.
9:18 of 2nd period - Goal by Daniel Alfredsson - Wild : 2 - Sabres : 3.
9:19 of 2nd period - Mikko Koivu wins face-off versus Jordan Staal in neutral zone.
9:21 of 2nd period - Fedor Tyutin is hit by Brad Stuart and loses puck.
10:21 of 2nd period - Shot by Jason Pominville.
10:21 of 2nd period - Shot Misses the Net.
10:36 of 2nd period - Icing by Francois Beauchemin.
10:37 of 2nd period - Kyle Turris wins face-off versus Bobby Ryan in Sabres zone.
10:37 of 2nd period - Kyle Turris is hit by Bobby Ryan.
10:53 of 2nd period - Shot by Kyle Turris.
10:53 of 2nd period - Deflect By Jason Pominville.
10:53 of 2nd period - Shot Blocked by Mark Streit.
11:18 of 2nd period - Milan Michalek is hit by Oliver Ekman-Larsson and loses puck.
11:52 of 2nd period - Shot by Nino Niederreiter.
11:52 of 2nd period - Stopped by Josh Harding without a rebound.
11:53 of 2nd period - Mikko Koivu wins face-off versus Tom Pyatt in Wild zone.
11:53 of 2nd period - Mikko Koivu is hit by Tom Pyatt.
12:06 of 2nd period - Shot by Marco Scandella.
12:06 of 2nd period - Shot Misses the Net.
12:08 of 2nd period - Shot by Marco Scandella.
12:08 of 2nd period - Shot Blocked by Johnny Oduya.
12:16 of 2nd period - Shot by Michael Ryder.
12:16 of 2nd period - Stopped by Ondrej Pavelec without a rebound.
12:17 of 2nd period - Paul Gaustad wins face-off versus Chris Conner in Sabres zone.
12:24 of 2nd period - Icing by Chris Phillips.
12:25 of 2nd period - Jordan Staal wins face-off versus Pierre-Marc Bouchard in Wild zone.
12:45 of 2nd period - Minor Penalty to John-Michael Liles for Cross-checking.
12:46 of 2nd period - Kyle Turris wins face-off versus Adam Hall in Wild zone.
12:57 of 2nd period - Shot by Thomas Vanek.
12:57 of 2nd period - Stopped by Josh Harding without a rebound.
12:58 of 2nd period - Jordan Staal wins face-off versus Pierre-Marc Bouchard in Wild zone.
12:59 of 2nd period - Shot by Francois Beauchemin.
12:59 of 2nd period - Stopped by Josh Harding without a rebound.
13:00 of 2nd period - Kyle Turris wins face-off versus Pierre-Marc Bouchard in Wild zone.
13:17 of 2nd period - Shot by Oliver Ekman-Larsson.
13:17 of 2nd period - Shot Blocked by Chris Phillips.
13:19 of 2nd period - Shot by Oliver Ekman-Larsson.
13:19 of 2nd period - Stopped by Josh Harding with a rebound.
13:21 of 2nd period - Shot by Oliver Ekman-Larsson.
13:21 of 2nd period - The goal is going for a video replay.
13:21 of 2nd period - The goal is good.
13:21 of 2nd period - Goal by Oliver Ekman-Larsson - Wild : 2 - Sabres : 4.
13:22 of 2nd period - Tom Pyatt wins face-off versus Bobby Ryan in neutral zone.
13:51 of 2nd period - Shot by Daniel Winnik.
13:51 of 2nd period - Deflect By Tom Pyatt.
13:51 of 2nd period - Stopped by Josh Harding without a rebound.
13:52 of 2nd period - Thomas Vanek wins face-off versus Mikko Koivu in Wild zone.
14:39 of 2nd period - Thomas Vanek is hit by Michael Stone and loses puck.
15:24 of 2nd period - Shot by Marco Scandella.
15:24 of 2nd period - Stopped by Ondrej Pavelec without a rebound.
15:25 of 2nd period - Paul Gaustad wins face-off versus Chris Conner in Sabres zone.
15:25 of 2nd period - Paul Gaustad is hit by Chris Conner.
15:28 of 2nd period - Nino Niederreiter is hit by Pierre-Marc Bouchard and loses puck.
15:33 of 2nd period - Shot by Erik Cole.
15:33 of 2nd period - Shot Misses the Net.
15:35 of 2nd period - Shot by Erik Cole.
15:35 of 2nd period - Stopped by Ondrej Pavelec without a rebound.
15:36 of 2nd period - Paul Gaustad wins face-off versus Bobby Ryan in Sabres zone.
15:36 of 2nd period - Paul Gaustad is hit by Bobby Ryan.
16:05 of 2nd period - Paul Byron is hit by Fedor Tyutin and loses puck.
16:08 of 2nd period - Shot by Paul Byron.
16:08 of 2nd period - Stopped by Josh Harding without a rebound.
16:09 of 2nd period - Kyle Turris wins face-off versus Pierre-Marc Bouchard in Wild zone.
16:14 of 2nd period - Shot by Thomas Vanek.
16:14 of 2nd period - Deflect By Jason Pominville.
16:14 of 2nd period - Shot Misses the Net.
16:30 of 2nd period - Shot by Thomas Vanek.
16:30 of 2nd period - Shot Hit the Post.
16:32 of 2nd period - Shot by Jason Pominville.
16:32 of 2nd period - Stopped by Josh Harding without a rebound.
16:33 of 2nd period - Mikko Koivu wins face-off versus Jordan Staal in Wild zone.
17:41 of 2nd period - John-Michael Liles is hit by Thomas Vanek and loses puck.
17:49 of 2nd period - Icing by Marian Gaborik.
17:50 of 2nd period - Bobby Ryan wins face-off versus Paul Gaustad in Wild zone.
18:03 of 2nd period - Shot by Nino Niederreiter.
18:03 of 2nd period - Shot Blocked by John-Michael Liles.
19:45 of 2nd period - Braydon Coburn is hit by Chris Conner and loses puck.
19:49 of 2nd period - Icing by Josh Gorges.
19:50 of 2nd period - Mikko Koivu wins face-off versus Thomas Vanek in Sabres zone.
19:57 of 2nd period - Shot by Mikko Koivu.
19:57 of 2nd period - Shot Misses the Net.
Goals for this period are 1 for Wild vs 1 for Sabres.
Shots for this period are 11 for Wild vs 11 for Sabres.

3rd period


0:01 of 3rd period - Kyle Turris wins face-off versus Milan Michalek in neutral zone.
0:01 of 3rd period - Kyle Turris is hit by Bobby Ryan.
0:09 of 3rd period - Shot by Thomas Vanek.
0:09 of 3rd period - Shot Misses the Net.
0:15 of 3rd period - Shot by Kyle Turris.
0:15 of 3rd period - Shot Blocked by Marco Scandella.
0:17 of 3rd period - Shot by Thomas Vanek.
0:17 of 3rd period - Shot Misses the Net.
0:19 of 3rd period - Shot by Thomas Vanek.
0:19 of 3rd period - Shot Misses the Net.
0:27 of 3rd period - Shot by Thomas Vanek.
0:27 of 3rd period - Shot Misses the Net.
0:38 of 3rd period - Thomas Vanek is hit by Fedor Tyutin.
0:42 of 3rd period - Shot by Jason Pominville.
0:42 of 3rd period - Stopped by Josh Harding with a rebound.
1:17 of 3rd period - Shot by Brad Boyes.
1:17 of 3rd period - Shot Blocked by Marco Scandella.
1:19 of 3rd period - Shot by Jordan Staal.
1:19 of 3rd period - Stopped by Josh Harding with a rebound.
1:23 of 3rd period - Shot by Brad Boyes.
1:23 of 3rd period - Shot Misses the Net.
1:25 of 3rd period - Shot by Brad Stuart.
1:25 of 3rd period - Shot Misses the Net.
1:27 of 3rd period - Shot by Brad Boyes.
1:27 of 3rd period - Shot Misses the Net.
1:29 of 3rd period - Shot by Johnny Oduya.
1:29 of 3rd period - Shot Misses the Net.
1:31 of 3rd period - Shot by Brad Stuart.
1:31 of 3rd period - Goal by Brad Stuart - Wild : 2 - Sabres : 5.
1:32 of 3rd period - Mikko Koivu wins face-off versus Paul Gaustad in neutral zone.
2:30 of 3rd period - Icing by Mikko Koivu.
2:31 of 3rd period - Tom Pyatt wins face-off versus Mikko Koivu in Wild zone.
3:24 of 3rd period - Shot by Erik Cole.
3:24 of 3rd period - Shot Misses the Net.
4:00 of 3rd period - Marian Gaborik is hit by Brad Stuart and loses puck.
4:15 of 3rd period - Shot by Jason Pominville.
4:15 of 3rd period - Shot Misses the Net.
4:17 of 3rd period - Shot by Jason Pominville.
4:17 of 3rd period - Shot Misses the Net.
4:19 of 3rd period - Shot by Thomas Vanek.
4:19 of 3rd period - Stopped by Josh Harding without a rebound.
4:20 of 3rd period - Nino Niederreiter wins face-off versus Mikko Koivu in Wild zone.
4:23 of 3rd period - Shot by Braydon Coburn.
4:23 of 3rd period - Stopped by Josh Harding with a rebound.
4:57 of 3rd period - Shot by Mikko Koivu.
4:57 of 3rd period - Stopped by Ondrej Pavelec without a rebound.
4:58 of 3rd period - Bobby Ryan wins face-off versus Kyle Turris in Sabres zone.
6:15 of 3rd period - Shot by Jordan Staal.
6:15 of 3rd period - Shot Misses the Net.
6:17 of 3rd period - Shot by Jordan Staal.
6:17 of 3rd period - Goal by Jordan Staal - Wild : 2 - Sabres : 6.
6:18 of 3rd period - Nino Niederreiter wins face-off versus Mikko Koivu in neutral zone.
6:27 of 3rd period - Shot by Paul Byron.
6:27 of 3rd period - Shot Misses the Net.
6:29 of 3rd period - Shot by Paul Gaustad.
6:29 of 3rd period - Stopped by Josh Harding without a rebound.
6:30 of 3rd period - Tom Pyatt wins face-off versus Pierre-Marc Bouchard in Wild zone.
6:39 of 3rd period - Shot by Daniel Winnik.
6:39 of 3rd period - Shot Blocked by John-Michael Liles.
6:57 of 3rd period - Shot by Chris Conner.
6:57 of 3rd period - Stopped by Ondrej Pavelec without a rebound.
6:57 of 3rd period - Minor Penalty to Ondrej Pavelec for Slashing.
6:58 of 3rd period - Kyle Turris wins face-off versus Erik Cole in Sabres zone.
7:14 of 3rd period - Shot by Erik Cole.
7:14 of 3rd period - Shot Misses the Net.
7:16 of 3rd period - Shot by Daniel Alfredsson.
7:16 of 3rd period - Deflect By Milan Michalek.
7:16 of 3rd period - Shot Misses the Net.
7:18 of 3rd period - Shot by Mark Streit.
7:18 of 3rd period - Shot Blocked by Josh Gorges.
7:20 of 3rd period - Shot by Milan Michalek.
7:20 of 3rd period - Shot Misses the Net.
7:49 of 3rd period - Brayden Schenn is hit by Michael Ryder and loses puck.
8:02 of 3rd period - Shot by Fedor Tyutin.
8:02 of 3rd period - Stopped by Ondrej Pavelec with a rebound.
8:04 of 3rd period - Shot by John-Michael Liles.
8:04 of 3rd period - Shot Misses the Net.
8:06 of 3rd period - Shot by Bobby Ryan.
8:06 of 3rd period - Shot Misses the Net.
8:08 of 3rd period - Shot by Bobby Ryan.
8:08 of 3rd period - Shot Misses the Net.
8:28 of 3rd period - Shot by Mark Streit.
8:28 of 3rd period - Shot Blocked by Johnny Oduya.
8:30 of 3rd period - Shot by Mark Streit.
8:30 of 3rd period - Stopped by Ondrej Pavelec without a rebound.
8:31 of 3rd period - Paul Gaustad wins face-off versus Bobby Ryan in Sabres zone.
8:46 of 3rd period - Shot by Bobby Ryan.
8:46 of 3rd period - Stopped by Ondrej Pavelec without a rebound.
8:47 of 3rd period - Kyle Turris wins face-off versus Erik Cole in Sabres zone.
9:08 of 3rd period - Shot by Mikko Koivu.
9:08 of 3rd period - Stopped by Ondrej Pavelec without a rebound.
9:09 of 3rd period - Paul Gaustad wins face-off versus Pierre-Marc Bouchard in Sabres zone.
9:09 of 3rd period - Paul Gaustad is hit by Erik Cole.
9:21 of 3rd period - Shot by Paul Gaustad.
9:21 of 3rd period - Stopped by Josh Harding without a rebound.
9:22 of 3rd period - Jordan Staal wins face-off versus Mikko Koivu in Wild zone.
9:23 of 3rd period - Shot by Brad Boyes.
9:23 of 3rd period - Stopped by Josh Harding without a rebound.
9:24 of 3rd period - Jordan Staal wins face-off versus Bobby Ryan in Wild zone.
10:00 of 3rd period - Shot by Brayden Schenn.
10:00 of 3rd period - Shot Misses the Net.
10:02 of 3rd period - Shot by Oliver Ekman-Larsson.
10:02 of 3rd period - Stopped by Josh Harding without a rebound.
10:03 of 3rd period - Mikko Koivu wins face-off versus Kyle Turris in Wild zone.
10:03 of 3rd period - Mikko Koivu is hit by Thomas Vanek.
10:09 of 3rd period - Kyle Turris is hit by Daniel Alfredsson and loses puck.
10:22 of 3rd period - Shot by Mikko Koivu.
10:22 of 3rd period - Shot Hit the Post.
10:36 of 3rd period - Shot by Daniel Alfredsson.
10:36 of 3rd period - Stopped by Ondrej Pavelec without a rebound.
10:37 of 3rd period - Pierre-Marc Bouchard wins face-off versus Paul Gaustad in Sabres zone.
10:58 of 3rd period - Shot by Paul Byron.
10:58 of 3rd period - Deflect By Nino Niederreiter.
10:58 of 3rd period - Shot Misses the Net.
12:08 of 3rd period - Shot by Jason Pominville.
12:08 of 3rd period - Stopped by Josh Harding with a rebound.
12:10 of 3rd period - Shot by Thomas Vanek.
12:10 of 3rd period - Stopped by Josh Harding with a rebound.
12:12 of 3rd period - Shot by Josh Gorges.
12:12 of 3rd period - Stopped by Josh Harding with a rebound.
13:22 of 3rd period - Shot by Daniel Alfredsson.
13:22 of 3rd period - Shot Misses the Net.
14:27 of 3rd period - Shot by Chris Phillips.
14:27 of 3rd period - Shot Misses the Net.
14:33 of 3rd period - Shot by Erik Cole.
14:33 of 3rd period - Stopped by Ondrej Pavelec with a rebound.
15:00 of 3rd period - Minor Penalty to Kyle Turris for Hooking.
15:01 of 3rd period - Erik Cole wins face-off versus Daniel Winnik in Sabres zone.
15:02 of 3rd period - Shot by Mark Streit.
15:02 of 3rd period - Deflect By Daniel Alfredsson.
15:02 of 3rd period - Shot Misses the Net.
15:30 of 3rd period - Off-side.
15:31 of 3rd period - Bobby Ryan wins face-off versus Daniel Winnik in neutral zone.
15:44 of 3rd period - Icing by Marian Gaborik.
15:45 of 3rd period - Daniel Winnik wins face-off versus Bobby Ryan in Wild zone.
16:46 of 3rd period - Shot by Milan Michalek.
16:46 of 3rd period - Stopped by Ondrej Pavelec without a rebound.
16:47 of 3rd period - Brad Boyes wins face-off versus Erik Cole in Sabres zone.
16:47 of 3rd period - Brad Boyes is hit by Milan Michalek.
17:06 of 3rd period - Paul Byron is hit by Erik Cole and loses puck.
17:53 of 3rd period - Shot by Brad Boyes.
17:53 of 3rd period - Shot Misses the Net.
18:53 of 3rd period - Icing by Chris Phillips.
18:54 of 3rd period - Paul Gaustad wins face-off versus Bobby Ryan in Wild zone.
19:03 of 3rd period - Shot by Nino Niederreiter.
19:03 of 3rd period - Shot Misses the Net.
19:05 of 3rd period - Shot by Oliver Ekman-Larsson.
19:05 of 3rd period - Deflect By Paul Byron.
19:05 of 3rd period - Shot Misses the Net.
19:07 of 3rd period - Shot by Nino Niederreiter.
19:07 of 3rd period - Stopped by Josh Harding without a rebound.
19:08 of 3rd period - Kyle Turris wins face-off versus Chris Conner in Wild zone.
19:09 of 3rd period - Shot by Thomas Vanek.
19:09 of 3rd period - Stopped by Josh Harding without a rebound.
19:10 of 3rd period - Kyle Turris wins face-off versus Bobby Ryan in Wild zone.
19:10 of 3rd period - Kyle Turris is hit by Fedor Tyutin.
19:14 of 3rd period - Shot by Kyle Turris.
19:14 of 3rd period - Stopped by Josh Harding with a rebound.
19:35 of 3rd period - Shot by Marian Gaborik.
19:35 of 3rd period - Goal by Marian Gaborik - Wild : 3 - Sabres : 6.
19:36 of 3rd period - Jordan Staal wins face-off versus Pierre-Marc Bouchard in neutral zone.
Goals for this period are 1 for Wild vs 2 for Sabres.
Shots for this period are 10 for Wild vs 16 for Sabres.


Output by the SimonT Hockey Simulator (STHS) for Stephane Roy -- Original Page W3C XHTML 1.0 Valid
Hockey Simulator - Hockey Simulation - Hockey Manager